[Event "Titled Tuesday Blitz February 22 Early 2022"]
[White "Nesterov, Arseniy"]
[Black "Warchol, Kamil"]
[WhiteFideId "24198455"]
[BlackFideId "21858241"]
[WhiteElo "2489"]
[BlackElo "1905"]
[Result "1-0"]
[Round "11"]
[TimeControl "180+1"]
[Date "2022.02.22"]
[WhiteClock "0:00:47"]
[BlackClock "0:00:03"]

1. d4 d6 2. c4 e5 3. d5 f5 4. e4 fxe4 5. Nc3 Nf6 6. Nge2 Bf5 7. Ng3 Bg6 8. Bg5 Be7 9. h4 h5 10. Bxf6 Bxf6 11. Ngxe4 Bxh4 12. Bd3 O-O 13. g3 Be7 14. Nc5 Bxd3 15. Ne6 Qe8 16. Qxd3 Rf6 17. Nxc7 Qd8 18. Nxa8 Nd7 19. Ne4 Rh6 20. Qf3 Qxa8 21. Rxh5 Rxh5 22. Qxh5 Qf8 23. Qg4 Nb6 24. Qe6+ Qf7 25. Qxf7+ Kxf7 26. b3 Nd7 27. Ke2 g6 28. Rh1 Kg7 29. Kd3 b6 30. b4 Nb8 31. a4 Na6 32. b5 Nc7 33. a5 Ne8 34. axb6 axb6 35. Ra1 Kf7 36. Ra7 Kf8 37. Rb7 Bd8 38. f4 exf4 39. gxf4 Kg8 40. Rb8 Kf7 41. Rxd8 Ke7 42. Rxe8+ Kxe8 43. Nxd6+ Kd7 44. Ne4 Ke7 45. Kd4 Kd7 46. Ke5 Ke7 47. d6+ Kd7 48. Ng5 Kd8 49. Ke6 1-0


[Site "https://www.chess.com"]

[Event "Titled Tuesday Blitz February 22 Early 2022"]
[White "Obolenskikh, Dmitry"]
[Black "Martins, Bruno Andre Leite"]
[WhiteFideId "4156013"]
[BlackFideId "1942255"]
[WhiteElo "2512"]
[BlackElo "2137"]
[Result "1-0"]
[Round "11"]
[TimeControl "180+1"]
[Date "2022.02.22"]
[WhiteClock "0:00:37"]
[BlackClock "0:00:24"]

1. e4 c6 2. d4 d5 3. Nc3 dxe4 4. Nxe4 Nf6 5. Nxf6+ exf6 6. c3 Bd6 7. Bd3 O-O 8. Qc2 Re8+ 9. Ne2 h5 10. O-O h4 11. h3 Nd7 12. Bd2 Nf8 13. Rfe1 Be6 14. Bf4 Qc7 15. Bxd6 Qxd6 16. Rad1 Rad8 17. b3 g6 18. c4 Kg7 19. Nc3 Qf4 20. Re4 Qg5 21. f4 Qa5 22. Kh1 f5 23. Re5 Qc7 24. d5 cxd5 25. cxd5 Bc8 26. Rxe8 Rxe8 27. Qb2 Kg8 28. Ne2 Rd8 29. Bc4 a6 30. a4 Qc5 31. Qd4 Qb4 32. d6 Be6 33. Bxe6 Qxd4 34. Bxf7+ Kxf7 35. Rxd4 Ke6 36. Rb4 Rd7 37. Rb6 Kd5 38. Kg1 Kc5 39. a5 Ne6 40. b4+ Kd5 41. Nc3+ Kc4 42. Na4 Kd5 43. Kf2 Rxd6 44. Nc3+ 1-0


[Site "https://www.chess.com"]

[Event "Titled Tuesday Blitz February 22 Early 2022"]
[White "Obolentseva, Alexandra"]
[Black "Golubka, Petro"]
[WhiteFideId "24153648"]
[BlackFideId "14114224"]
[WhiteElo "2113"]
[BlackElo "2392"]
[Result "1-0"]
[Round "11"]
[TimeControl "180+1"]
[Date "2022.02.22"]
[WhiteClock "0:00:41"]
[BlackClock "0:00:29"]

1. d4 d5 2. c4 e6 3. Nc3 Be7 4. Nf3 Nf6 5. Bg5 O-O 6. e3 Nbd7 7. Bd3 c6 8. O-O Re8 9. Qc2 h6 10. Bh4 a6 11. cxd5 Nxd5 12. Bxe7 Qxe7 13. Nxd5 exd5 14. Bh7+ Kh8 15. Bf5 Nf6 16. Bxc8 Rexc8 17. Ne5 c5 18. Rac1 c4 19. b3 b5 20. bxc4 dxc4 21. f4 c3 22. Rf3 b4 23. Rh3 a5 24. g4 a4 25. g5 Nd5 26. gxh6 g6 27. Qe4 Qe6 28. Rg3 Ra6 29. f5 gxf5 30. Qf3 b3 31. axb3 axb3 32. Qh5 Qg6 33. Nxg6+ Rxg6 34. Qxf5 b2 35. Qxc8+ Kh7 36. Rf1 Nxe3 1-0


[Site "https://www.chess.com"]

[Event "Titled Tuesday Blitz February 22 Early 2022"]
[White "Oparin, Grigoriy"]
[Black "Goryachkina, Aleksandra"]
[WhiteFideId "24125890"]
[BlackFideId "4147103"]
[WhiteElo "2685"]
[BlackElo "2426"]
[Result "1/2-1/2"]
[Round "11"]
[TimeControl "180+1"]
[Date "2022.02.22"]
[WhiteClock "0:01:11"]
[BlackClock "0:00:06"]

1. Nf3 d5 2. c4 c6 3. e3 Nf6 4. b3 e6 5. Bb2 Bd6 6. Rg1 Nbd7 7. g4 h6 8. h4 Qe7 9. Nc3 b6 10. g5 hxg5 11. hxg5 Nh5 12. cxd5 exd5 13. Nd4 Ne5 14. f4 Nxf4 15. Qc2 c5 16. O-O-O cxd4 17. exf4 dxc3 18. dxc3 Nf3 19. Bb5+ Kf8 20. Rh1 Rxh1 21. Rxh1 Qe3+ 22. Kb1 Bb7 23. Bc1 Qe6 24. f5 Qe5 25. f6 gxf6 26. gxf6 Qxf6 27. Qe2 Ne5 28. Rg1 Qf5+ 29. Ka1 Ke7 30. Bg5+ f6 31. Bh4 Rf8 32. Rf1 Qe4 33. Qf2 Ng4 34. Qg1 Be5 35. Kb2 d4 36. Re1 Ne3 37. Ka3 Bd6+ 38. b4 Be5 39. Ba4 Nc2+ 40. Bxc2 Qxc2 41. Rxe5+ Kf7 42. Qxd4 Qc1+ 43. Kb3 Qb1+ 44. Ka3 Qc1+ 45. Kb3 Qb1+ 46. Ka3 Qc1+ 1/2-1/2


[Site "https://www.chess.com"]

[Event "Titled Tuesday Blitz February 22 Early 2022"]
[White "Oro, Luis"]
[Black "Pasti, Aron"]
[WhiteFideId "104094"]
[BlackFideId "785857"]
[WhiteElo "2270"]
[BlackElo "2080"]
[Result "1-0"]
[Round "11"]
[TimeControl "180+1"]
[Date "2022.02.22"]
[WhiteClock "0:00:12"]
[BlackClock "0:00:04"]

1. e4 e5 2. Nf3 Nc6 3. Bc4 Nf6 4. d3 Be7 5. c3 d5 6. exd5 Nxd5 7. O-O O-O 8. Re1 Bf6 9. Qe2 Re8 10. Be3 Nxe3 11. fxe3 Bg4 12. Nbd2 a6 13. a4 Qd7 14. Ne4 Be7 15. Rf1 Rf8 16. d4 exd4 17. exd4 Rae8 18. Bd3 f5 19. Nf2 Bh5 20. Bc4+ Kh8 21. Nd3 Bg5 22. Qc2 Be3+ 23. Kh1 Qd6 24. Rae1 Bh6 25. Nfe5 Nxe5 26. Nxe5 f4 27. Be2 Bg6 28. Bd3 Bxd3 29. Nf7+ Kg8 30. Nxd6 Rxe1 31. Qxd3 Rxf1+ 32. Qxf1 cxd6 33. Qf3 Rf7 34. Kg1 Bg5 35. Kf1 Re7 36. Qd5+ Rf7 37. Qxg5 h6 38. Qd8+ Kh7 39. Qxd6 f3 40. g3 f2 41. Qd5 Kg6 42. Qe6+ Rf6 43. Qe4+ Kf7 44. Qxb7+ Kg6 45. b4 Kg5 46. Qe4 h5 47. Qe3+ Kg6 48. Qe4+ Kf7 49. Qd5+ Kg6 50. h4 Rf5 51. Qe6+ Rf6 52. Qc8 Kh7 53. b5 Kg6 54. bxa6 Rf5 55. Qxf5+ Kxf5 56. a7 Kg4 57. Kxf2 Kh3 58. a8=Q Kh2 59. Qg2# 1-0


[Site "https://www.chess.com"]

[Event "Titled Tuesday Blitz February 22 Early 2022"]
[White "Orozbaev, Eldiar"]
[Black "Slugin, Sergey"]
[WhiteFideId "13802240"]
[BlackFideId "4122569"]
[WhiteElo "2050"]
[BlackElo "2358"]
[Result "1-0"]
[Round "11"]
[TimeControl "180+1"]
[Date "2022.02.22"]
[WhiteClock "0:01:21"]
[BlackClock "0:00:13"]

1. e4 c5 2. c3 Nf6 3. e5 Nd5 4. d4 cxd4 5. cxd4 e6 6. Nf3 d6 7. Nc3 Nc6 8. Bd3 dxe5 9. Nxe5 Nxe5 10. dxe5 Nxc3 11. bxc3 Bc5 12. O-O O-O 13. Qe2 Qh4 14. g3 Qh3 15. Be3 b6 16. Be4 Rb8 17. Bxc5 bxc5 18. Rab1 Bd7 19. Rxb8 Rxb8 20. Qd3 Be8 21. Qd6 Rc8 22. Bb7 Bb5 23. Rb1 Qf5 24. Rxb5 Re8 25. Kg2 h5 26. Bf3 h4 27. h3 hxg3 28. Kxg3 Qg5+ 29. Kh2 Qf4+ 30. Kg2 Qg5+ 31. Kf1 Qc1+ 32. Kg2 Qg5+ 33. Bg4 Kh7 34. Rb8 Rxb8 35. Qxb8 a6 36. Qb1+ g6 37. Qe4 Kg7 38. Qe3 Qh4 39. Qxc5 Qh8 40. Qe7 Qa8+ 41. Bf3 Qb8 42. Qf6+ Kf8 43. h4 Qb2 44. h5 gxh5 45. Bxh5 Qb7+ 46. f3 Qb2+ 47. Kg3 Qb7 48. Qxf7+ Qxf7 49. Bxf7 Kxf7 50. Kf4 Ke7 51. Ke4 Kd7 52. f4 Kc6 53. f5 exf5+ 54. Kxf5 Kd5 55. Kf6 Kc4 56. e6 Kxc3 57. e7 a5 58. e8=Q Kb2 59. Qa4 Kc3 60. Qxa5+ 1-0


[Site "https://www.chess.com"]

[Event "Titled Tuesday Blitz February 22 Early 2022"]
[White "Osiecki, Stanislaw"]
[Black "Buscar, Michael"]
[WhiteFideId "1102990"]
[BlackFideId "2603616"]
[WhiteElo "2127"]
[BlackElo "2010"]
[Result "0-1"]
[Round "11"]
[TimeControl "180+1"]
[Date "2022.02.22"]
[WhiteClock "0:00:08"]
[BlackClock "0:00:31"]

1. e4 c5 2. c3 Nf6 3. e5 Nd5 4. d4 cxd4 5. Nf3 Nc6 6. cxd4 d6 7. Bc4 e6 8. a3 Nb6 9. Bd3 Be7 10. O-O Bd7 11. Qe2 Rc8 12. Re1 Qc7 13. Nc3 a6 14. Bf4 d5 15. h4 Na5 16. h5 Nb3 17. Rad1 Nc4 18. Qc2 Nba5 19. Bxh7 Nxb2 20. Qxb2 Qxc3 21. Qxc3 Rxc3 22. Bd3 Bxa3 23. g4 Ba4 24. Rd2 Bc1 25. Ra2 Bxf4 26. Rxa4 Rxd3 27. Kg2 Nc4 28. Rb1 Rxf3 29. Rxb7 Rxf2+ 30. Kxf2 O-O 31. Rxa6 Be3+ 32. Ke2 Bxd4 33. Kf3 Bxe5 34. g5 Bc3 35. Raa7 Bd4 36. Ra6 g6 37. h6 Be3 38. Kg4 Ne5+ 39. Kh4 Nf3+ 40. Kg4 Nxg5 41. Ra3 Bd2 42. Raa7 Be3 43. Ra3 d4 0-1


[Site "https://www.chess.com"]

[Event "Titled Tuesday Blitz February 22 Early 2022"]
[White "Osmonbekov, Talaibek"]
[Black "Guliev, Logman"]
[WhiteFideId "2017253"]
[BlackFideId "13400061"]
[WhiteElo "2135"]
[BlackElo "2128"]
[Result "1-0"]
[Round "11"]
[TimeControl "180+1"]
[Date "2022.02.22"]
[WhiteClock "0:00:11"]
[BlackClock "0:01:02"]

1. d4 d5 2. Nc3 Nf6 3. Bf4 c6 4. e3 Bf5 5. f3 e6 6. g4 Bg6 7. h4 h5 8. g5 Nfd7 9. Bd3 Bb4 10. Bxg6 fxg6 11. Qd3 Nf8 12. Ne2 Nbd7 13. O-O-O Qa5 14. a3 Be7 15. Be5 Nxe5 16. dxe5 c5 17. Qb5+ Qxb5 18. Nxb5 Kd7 19. c4 Kc6 20. a4 Nd7 21. cxd5+ exd5 22. Nf4 Nxe5 23. Nxd5 Rhe8 24. Nbc7 Bd6 25. Nxa8 Rxa8 26. f4 Ng4 27. Rhe1 Nf2 28. Rd2 Ne4 29. Rd3 Nf2 30. Rd2 Ne4 31. Rd3 Re8 32. Nc3 Nxc3 33. bxc3 Bxf4 34. Kd2 Bg3 35. Rh1 Rf8 36. e4 Rf2+ 37. Ke3 Ra2 38. Rh3 Be5 39. Rf3 c4 40. Rd5 Bxc3 41. Rf7 Bb4 42. Kd4 c3 43. Rdd7 c2 44. Rc7+ Kd6 45. Rfe7 c1=Q 46. e5# 1-0


[Site "https://www.chess.com"]

[Event "Titled Tuesday Blitz February 22 Early 2022"]
[White "Ovetchkin, Roman"]
[Black "Zierk, Steven"]
[WhiteFideId "4119991"]
[BlackFideId "2034255"]
[WhiteElo "2409"]
[BlackElo "2494"]
[Result "1/2-1/2"]
[Round "11"]
[TimeControl "180+1"]
[Date "2022.02.22"]
[WhiteClock "0:00:36"]
[BlackClock "0:00:13"]

1. d4 d5 2. c4 dxc4 3. e3 e5 4. Bxc4 exd4 5. exd4 Bd6 6. Nf3 Nf6 7. O-O O-O 8. Nc3 Nc6 9. h3 h6 10. Qc2 a6 11. a3 Ne7 12. Ne5 c6 13. Re1 Ned5 14. Bd2 Be6 15. Bd3 Rc8 16. Nc4 Bb8 17. Rxe6 fxe6 18. Re1 Qd7 19. Ne5 Qd6 20. Ne4 Nxe4 21. Bxe4 Nf6 22. Bb4 c5 23. Bxc5 Nxe4 24. Qxe4 Rxc5 25. dxc5 Qxc5 26. Nd3 Qc7 27. Qxe6+ Kh8 28. g3 Ba7 29. Kg2 Qd8 30. Nf4 Rf6 31. Qe8+ Qxe8 32. Rxe8+ Kh7 33. Re7 Bd4 34. Rxb7 Kg8 35. b4 g5 36. Nd3 Rd6 37. Kf3 h5 38. g4 hxg4+ 39. hxg4 Bc3 40. Ke4 Rd4+ 41. Ke3 Rxg4 42. Nc5 Bd4+ 43. Kf3 Rf4+ 44. Ke2 Rxf2+ 45. Kd3 Be5 46. Ke4 Bh2 47. Rb6 Kf7 48. Rxa6 g4 49. Nd3 g3 50. Nxf2 gxf2 51. Ra5 f1=Q 52. Rf5+ Qxf5+ 53. Kxf5 Ke7 54. Ke4 Kd6 55. Kd4 Kc6 56. Kc4 Bd6 57. a4 Kb6 58. Kb3 Be7 59. Kc4 Bd6 60. Kb3 Bf8 61. Kc4 Be7 62. Kb3 Bf8 63. Kc4 Be7 64. Kb3 Bf8 1/2-1/2


[Site "https://www.chess.com"]

[Event "Titled Tuesday Blitz February 22 Early 2022"]
[White "Papasimakopoulos, Alexandros"]
[Black "Mikhailov, Viacheslav"]
[WhiteFideId "4244125"]
[BlackFideId "4187369"]
[WhiteElo "2340"]
[BlackElo "2381"]
[Result "1-0"]
[Round "11"]
[TimeControl "180+1"]
[Date "2022.02.22"]
[WhiteClock "0:00:20"]
[BlackClock "0:00:04"]

1. d4 c5 2. d5 e5 3. e4 d6 4. Nf3 a6 5. a4 Bg4 6. Nc3 Be7 7. Rg1 Nd7 8. Be3 Qb6 9. b3 Ngf6 10. Qd2 Qb4 11. h3 Bh5 12. Bd3 O-O 13. a5 b5 14. axb6 Nxb6 15. Ne2 Qxd2+ 16. Nxd2 a5 17. Bb5 Rfb8 18. c4 Ne8 19. Nc3 Nc7 20. Bc6 Ra7 21. f3 f6 22. Ke2 Be8 23. Nb5 Nxb5 24. cxb5 Kf8 25. Ra2 Bd8 26. Rga1 Rba8 27. Kd1 Rb8 28. Kc2 Nc8 29. b4 Bxc6 30. bxc6 Rxb4 31. Nb3 a4 32. Nxc5 dxc5 33. Bxc5+ Be7 34. Bxb4 Bxb4 35. Rxa4 Rxa4 36. Rxa4 Bd6 37. Ra8 1-0


[Site "https://www.chess.com"]

[Event "Titled Tuesday Blitz February 22 Early 2022"]
[White "Papp, Levente"]
[Black "Mekhitarian, Krikor Sevag"]
[WhiteFideId "751243"]
[BlackFideId "2107660"]
[WhiteElo "2308"]
[BlackElo "2598"]
[Result "0-1"]
[Round "11"]
[TimeControl "180+1"]
[Date "2022.02.22"]
[WhiteClock "0:00:01"]
[BlackClock "0:00:39"]

1. c4 c5 2. g3 Nc6 3. Bg2 g6 4. Nc3 Bg7 5. Nf3 d6 6. O-O e5 7. Ne1 Be6 8. d3 Nge7 9. Nc2 d5 10. cxd5 Nxd5 11. Ne3 Nde7 12. b3 e4 13. Bb2 exd3 14. exd3 O-O 15. Qd2 b6 16. Ne4 Nd4 17. Rab1 h6 18. Nc2 Nec6 19. Nc3 Rc8 20. Ne2 Nxc2 21. Qxc2 Nb4 22. Qd2 Qxd3 23. Qxd3 Nxd3 24. Bxg7 Kxg7 25. Rfd1 Rfd8 26. Rd2 Nb4 27. Rbd1 Rxd2 28. Rxd2 Kf6 29. Nc3 Ke7 30. a3 Nc6 31. Bd5 Nd4 32. Kg2 Nxb3 33. Bxb3 Bxb3 34. Nb5 a6 35. Nc3 b5 36. Re2+ Be6 37. Rb2 Rd8 38. f3 f5 39. h4 Rd4 40. Ne2 Ra4 41. Nf4 Bf7 42. Nd3 c4 43. Nb4 Rxa3 44. Rd2 c3 45. Nc6+ Kf8 46. Rd8+ Kg7 47. Rc8 c2 48. Ne5 Bc4 49. Rc7+ Kf6 50. Nxc4 c1=Q 51. Rc6+ Kg7 52. Rc7+ Kf8 53. Rc8+ Ke7 54. Rc7+ Kd8 0-1


[Site "https://www.chess.com"]

[Event "Titled Tuesday Blitz February 22 Early 2022"]
[White "Pavlidou, Ekaterini"]
[Black "Lonoff, Marc"]
[WhiteFideId "4213262"]
[BlackFideId "2001349"]
[WhiteElo "2127"]
[BlackElo "2262"]
[Result "0-1"]
[Round "11"]
[TimeControl "180+1"]
[Date "2022.02.22"]
[WhiteClock "0:01:16"]
[BlackClock "0:01:10"]

1. d4 e6 2. c4 Bb4+ 3. Bd2 Qe7 4. e3 b6 5. Nf3 Bxd2+ 6. Qxd2 Bb7 7. Be2 f5 8. Nc3 Nf6 9. h3 O-O 10. Rg1 Ne4 11. Qc2 Qb4 12. Nd2 Nxc3 13. bxc3 Qe7 14. g4 c5 15. d5 exd5 16. gxf5 dxc4 17. e4 d5 18. O-O-O Nd7 19. exd5 Qxe2 20. Rde1 Qd3 21. Qa4 Qxc3+ 22. Kd1 Rf7 23. Rg3 Qa1+ 24. Ke2 Re8+ 25. Re3 Rxe3+ 26. fxe3 Qe5 27. Qxc4 Bxd5 28. Qh4 Nf6 29. Rf1 Re7 0-1


[Site "https://www.chess.com"]

[Event "Titled Tuesday Blitz February 22 Early 2022"]
[White "Petesch, Gabriel"]
[Black "Shton, Roman"]
[WhiteFideId "2032465"]
[BlackFideId "14137461"]
[WhiteElo "2374"]
[BlackElo "2038"]
[Result "1-0"]
[Round "11"]
[TimeControl "180+1"]
[Date "2022.02.22"]
[WhiteClock "0:01:17"]
[BlackClock "0:00:35"]

1. Nf3 d5 2. g3 Nf6 3. Bg2 e6 4. O-O Be7 5. c4 dxc4 6. Qa4+ Nbd7 7. Qxc4 a6 8. Qc2 b5 9. Nd4 c5 10. Nc6 Qb6 11. Nxe7 Bb7 12. Nf5 Bxg2 13. Nxg7+ Kf8 14. Nxe6+ Qxe6 15. Kxg2 Qxe2 16. Nc3 Qg4 17. d4 cxd4 18. Bh6+ Kg8 19. Ne2 Ne5 20. f3 Qh5 21. Qd2 Nfg4 22. fxg4 Nxg4 23. Qg5+ Qxg5 24. Bxg5 d3 25. Nf4 Ne3+ 26. Kf3 Nxf1 27. Rxf1 Kg7 28. Nd5 Rhb8 29. Rd1 b4 30. Rxd3 Rb5 31. g4 Rc8 32. Bf6+ Kg6 33. Ne7+ Kxf6 34. Nxc8 Rc5 35. Nd6 Rc2 36. Ne4+ Ke5 37. Rd2 Rc4 38. Re2 Kd4 39. Nf2 Kd5 40. Rd2+ Ke6 41. Ne4 f5 42. gxf5+ Kf7 43. Nd6+ 1-0


[Site "https://www.chess.com"]

[Event "Titled Tuesday Blitz February 22 Early 2022"]
[White "Pires, Marcos Vinicius Torsani"]
[Black "Tay, Junior"]
[WhiteFideId "2118939"]
[BlackFideId "5800439"]
[WhiteElo "2273"]
[BlackElo "2216"]
[Result "1-0"]
[Round "11"]
[TimeControl "180+1"]
[Date "2022.02.22"]
[WhiteClock "0:00:04"]
[BlackClock "0:00:33"]

1. e4 c5 2. c3 Qa5 3. Nf3 d6 4. Bd3 Nf6 5. O-O g6 6. Re1 Bg7 7. Bf1 O-O 8. h3 Nc6 9. Na3 e5 10. Nc4 Qc7 11. a4 b6 12. d3 h6 13. Qc2 Bb7 14. Bd2 Rfe8 15. Rad1 Rad8 16. Bc1 d5 17. exd5 Nxd5 18. Qb3 Bc8 19. g3 Be6 20. Qc2 f5 21. Bg2 Bf7 22. Ne3 Rd7 23. Nxd5 Bxd5 24. Nh4 Bf7 25. Nf3 Red8 26. d4 e4 27. Ne5 Nxe5 28. dxe5 Qxe5 29. Bf4 Qe6 30. Rxd7 Qxd7 31. Bf1 g5 32. Bb5 Qd5 33. Be3 Be5 34. Be2 Kg7 35. Rd1 f4 36. Rxd5 Bxd5 37. gxf4 gxf4 38. Bc1 Kf6 39. b4 Rg8+ 40. Kf1 f3 41. bxc5 bxc5 42. c4 Bc6 43. Bb2 fxe2+ 44. Kxe2 Rd8 45. Bxe5+ Kxe5 46. Qb2+ Rd4 47. Qb8+ Ke6 48. Qg8+ Kd7 49. Qg7+ Kd6 50. Qxh6+ Kc7 51. Qg7+ Kb6 52. a5+ Kxa5 53. Qxa7+ Kb4 54. h4 Rxc4 55. h5 Bb5 56. Ke3 Bc6 57. Qb6+ Bb5 58. h6 Rc3+ 59. Kxe4 Rh3 60. Qf6 Rh4+ 61. f4 Rh1 62. Ke5 Re1+ 63. Kd6 Rd1+ 64. Kc7 Rd7+ 65. Kb6 Rd8 66. Qb2+ Kc4 67. Qxb5+ Kd5 68. Qxc5+ Ke4 69. Qe5+ Kf3 70. h7 Rb8+ 71. Kc7 Ra8 72. h8=Q Ra7+ 73. Kb6 Ra6+ 74. Kxa6 Kg4 75. Qe6+ 1-0


[Site "https://www.chess.com"]

[Event "Titled Tuesday Blitz February 22 Early 2022"]
[White "Potapova, Margarita"]
[Black "Yuan, Qingyu"]
[WhiteFideId "14126869"]
[BlackFideId "8609772"]
[WhiteElo "2209"]
[BlackElo "2359"]
[Result "1-0"]
[Round "11"]
[TimeControl "180+1"]
[Date "2022.02.22"]
[WhiteClock "0:00:07"]
[BlackClock "0:00:53"]

1. d4 d5 2. c4 e6 3. Nf3 Nf6 4. Nc3 a6 5. cxd5 exd5 6. Bg5 Be6 7. Bxf6 Qxf6 8. Qb3 Ra7 9. g3 Qd8 10. h4 h6 11. O-O-O Nd7 12. Ne5 Bd6 13. Nxd5 c6 14. Nc4 Bb8 15. Nf4 Bxf4+ 16. gxf4 b5 17. Nd6+ Kf8 18. Qa3 Qe7 19. e4 a5 20. f5 b4 21. Qg3 Bxa2 22. Nc8 Qxe4 23. Bd3 Qxd4 24. Bc2 Qc4 25. Qd6+ Kg8 26. Ne7+ Kf8 27. Ng6+ Kg8 28. Ne7+ Kf8 29. Nxc6+ Kg8 30. Ne7+ Kf8 31. Nc6+ Kg8 32. Ne7+ Kf8 33. Ng6+ Kg8 34. Qb8+ Nxb8 35. Rd8+ 1-0


[Site "https://www.chess.com"]

[Event "Titled Tuesday Blitz February 22 Early 2022"]
[White "Przybylski, Wojciech"]
[Black "Dzhaparov, Medet"]
[WhiteFideId "1117599"]
[BlackFideId "13803689"]
[WhiteElo "2133"]
[BlackElo "1702"]
[Result "1-0"]
[Round "11"]
[TimeControl "180+1"]
[Date "2022.02.22"]
[WhiteClock "0:00:29"]
[BlackClock "0:00:45"]

1. e4 e5 2. Nf3 Nc6 3. Bb5 Nf6 4. O-O Nxe4 5. d4 Nd6 6. Bxc6 dxc6 7. dxe5 Nf5 8. Qxd8+ Kxd8 9. h3 Bc5 10. Bg5+ Ke8 11. Rd1 Be7 12. Nc3 h6 13. Bf4 Bb4 14. Ne2 Ne7 15. a3 Bc5 16. c4 Be6 17. Rac1 a5 18. Nfd4 Ng6 19. Be3 Ke7 20. f4 Nh4 21. Nxc6+ bxc6 22. Bxc5+ Ke8 23. g4 h5 24. f5 Bd7 25. Rd3 hxg4 26. hxg4 Rb8 27. Rcd1 Rd8 28. e6 fxe6 29. fxe6 Ng6 30. Rxd7 Rxd7 31. Rxd7 Ne5 32. Rxc7 Nxc4 33. Rc8# 1-0


[Site "https://www.chess.com"]

[Event "Titled Tuesday Blitz February 22 Early 2022"]
[White "Quirke, Jeffrey"]
[Black "Todorovic, Bojan"]
[WhiteFideId "2013029"]
[BlackFideId "917087"]
[WhiteElo "2228"]
[BlackElo "2266"]
[Result "0-1"]
[Round "11"]
[TimeControl "180+1"]
[Date "2022.02.22"]
[WhiteClock "0:00:01"]
[BlackClock "0:00:34"]

1. c4 g6 2. g3 Bg7 3. Bg2 Nf6 4. Nf3 O-O 5. O-O c6 6. Nc3 d5 7. cxd5 cxd5 8. d4 Ne4 9. Bf4 Nc6 10. Rc1 Bg4 11. Nxe4 dxe4 12. Ne5 Bxe5 13. Bxe5 Nxe5 14. dxe5 Qxd1 15. Rfxd1 Bxe2 16. Rd7 Bd3 17. Rxe7 Rac8 18. Rcc7 Rfe8 19. Rxe8+ Rxe8 20. Rxb7 Rxe5 21. Rxa7 Rc5 22. h4 Rc1+ 23. Kh2 Rc2 24. Kg1 Rxb2 25. a4 Ra2 26. a5 Kg7 27. g4 Kf6 28. g5+ Ke6 29. Bh3+ f5 30. gxf6+ Kxf6 31. Rxh7 Rxa5 32. Bg4 Ra1+ 33. Kg2 Ra2 34. Kg3 Ra3 35. Kg2 Ke5 36. Rf7 Bc4 37. Rf8 Bd5 38. Kg1 e3 39. fxe3 Rxe3 40. Kf2 Rc3 41. h5 g5 0-1


[Site "https://www.chess.com"]

[Event "Titled Tuesday Blitz February 22 Early 2022"]
[White "Redzisz, Michal"]
[Black "Barbashin, Igor"]
[WhiteFideId "21816107"]
[BlackFideId "4155718"]
[WhiteElo "1961"]
[BlackElo "2138"]
[Result "0-1"]
[Round "11"]
[TimeControl "180+1"]
[Date "2022.02.22"]
[WhiteClock "0:00:03"]
[BlackClock "0:00:42"]

1. d4 Nf6 2. Nf3 c5 3. d5 e6 4. Nc3 exd5 5. Nxd5 Nxd5 6. Qxd5 d6 7. e4 Nc6 8. c3 Be6 9. Qd1 Qb6 10. Be2 O-O-O 11. O-O d5 12. exd5 Bxd5 13. Qc2 Bd6 14. Be3 Qc7 15. Rfd1 Be6 16. a3 h6 17. b4 c4 18. b5 Ne5 19. Nxe5 Bxe5 20. b6 axb6 21. Rdb1 Rd6 22. a4 Rhd8 23. Rb5 Rc6 24. a5 bxa5 25. Rbxa5 Bxh2+ 26. Kf1 Bd6 27. Bf3 Kd7 28. Bxc6+ Qxc6 29. Ra8 Rxa8 30. Rxa8 Ke7 31. Bd4 Qd5 32. Ra1 Bf5 33. Re1+ Kf8 34. Qa2 Kg8 35. Qa8+ Kh7 36. Qd8 Bd3+ 37. Kg1 Bh2+ 38. Kxh2 Qxd8 0-1


[Site "https://www.chess.com"]

[Event "Titled Tuesday Blitz February 22 Early 2022"]
[White "Rich, Albert J"]
[Black "Magallanes, Rey Jomar"]
[WhiteFideId "2028735"]
[BlackFideId "5205948"]
[WhiteElo "2380"]
[BlackElo "2227"]
[Result "1-0"]
[Round "11"]
[TimeControl "180+1"]
[Date "2022.02.22"]
[WhiteClock "0:01:27"]
[BlackClock "0:01:13"]

1. d4 d5 2. Nc3 Nf6 3. Bg5 e6 4. e4 dxe4 5. Nxe4 Be7 6. Bxf6 Bxf6 7. Nf3 O-O 8. Qd2 Be7 9. O-O-O Nc6 10. Kb1 f5 11. Nc3 Bf6 12. Bc4 Ne7 13. h4 Kh8 14. Ng5 Qd6 15. Qe2 Ng6 16. Qh5 h6 17. Qxg6 hxg5 18. hxg5+ Kg8 19. gxf6 Rxf6 20. Qh7+ Kf8 21. Qh8+ Ke7 22. Qxg7+ Rf7 23. Qg5+ Kd7 24. Rh6 Re7 25. Qf6 b6 26. d5 e5 27. Qxf5+ Kd8 28. Rxd6+ cxd6 29. Qf8+ Kc7 30. Qxe7+ 1-0


[Site "https://www.chess.com"]

[Event "Titled Tuesday Blitz February 22 Early 2022"]
[White "Rudykh, Stepan"]
[Black "Piliczewski, Bogusz"]
[WhiteFideId "4180321"]
[BlackFideId "1104144"]
[WhiteElo "2109"]
[BlackElo "1896"]
[Result "1-0"]
[Round "11"]
[TimeControl "180+1"]
[Date "2022.02.22"]
[WhiteClock "0:01:38"]
[BlackClock "0:00:07"]

1. e4 c6 2. d4 d5 3. Nc3 dxe4 4. Nxe4 Bf5 5. Ng3 Bg6 6. h4 h6 7. Nf3 Nd7 8. h5 Bh7 9. Bd3 Bxd3 10. Qxd3 e6 11. Bf4 Qa5+ 12. Bd2 Qc7 13. O-O-O Ngf6 14. Kb1 Be7 15. Ne4 Nxe4 16. Qxe4 Nf6 17. Qe2 O-O-O 18. g3 Bd6 19. c4 c5 20. Bc3 Rhe8 21. Ne5 b6 22. f4 cxd4 23. Bxd4 Bc5 24. Bxc5 bxc5 25. Qf3 Qb7 26. Qxb7+ Kxb7 27. Nxf7 Rxd1+ 28. Rxd1 Nxh5 29. Nd6+ Kc6 30. Nxe8 Nxg3 31. Rd6+ Kb7 32. Rxe6 h5 33. Nxg7 h4 34. Rh6 Ne4 35. Rxh4 Nd2+ 36. Kc2 Nxc4 37. f5 Ne3+ 38. Kd3 Nd5 39. Ke4 Nb4 40. a3 Nc6 41. f6 Nd8 42. Rh7 Kc6 43. Nf5 Ne6 44. Rxa7 Ng5+ 45. Ke5 Kb6 46. Rg7 1-0


[Site "https://www.chess.com"]

[Event "Titled Tuesday Blitz February 22 Early 2022"]
[White "Sahin, Handenur"]
[Black "Petrovic, Aleksa"]
[WhiteFideId "6334865"]
[BlackFideId "967629"]
[WhiteElo "2165"]
[BlackElo "2139"]
[Result "1-0"]
[Round "11"]
[TimeControl "180+1"]
[Date "2022.02.22"]
[WhiteClock "0:00:31"]
[BlackClock "0:00:01"]

1. e4 g6 2. d4 Bg7 3. Nf3 d6 4. Nc3 c6 5. Bd3 Bg4 6. Be3 e5 7. dxe5 dxe5 8. h3 Bxf3 9. Qxf3 Nd7 10. O-O-O Qf6 11. Qe2 Bh6 12. Kb1 Nf8 13. Bc4 Bxe3 14. fxe3 Ne6 15. Rhf1 Qe7 16. Qf3 Kf8 17. Qg3 f6 18. Qxe5 Nc5 19. Qd4 Re8 20. Rf4 Kg7 21. Rdf1 Ne6 22. Bxe6 Qxe6 23. g4 g5 24. Rf5 h6 25. Qxa7 Re7 26. Qc5 h5 27. Qd4 Kg6 28. Ne2 Qxe4 29. gxh5+ Rxh5 30. Qd8 Re8 31. Rxf6+ Nxf6 32. Qxf6+ Kh7 33. Ng3 Qg6 34. Nxh5 Qxh5 35. Qf7+ Qxf7 36. Rxf7+ Kg6 37. Rxb7 Rxe3 38. a4 Rxh3 39. a5 g4 40. a6 g3 41. a7 g2 42. a8=Q g1=Q+ 43. Ka2 Rh7 44. Qg8+ Rg7 45. Qxg7+ 1-0


[Site "https://www.chess.com"]

[Event "Titled Tuesday Blitz February 22 Early 2022"]
[White "Samant Aditya S"]
[Black "Barp, Alberto"]
[WhiteFideId "35080580"]
[BlackFideId "872555"]
[WhiteElo "1916"]
[BlackElo "2229"]
[Result "1-0"]
[Round "11"]
[TimeControl "180+1"]
[Date "2022.02.22"]
[WhiteClock "0:00:23"]
[BlackClock "0:00:33"]

1. e4 c6 2. d4 d5 3. Nc3 dxe4 4. Nxe4 Bf5 5. Ng3 Bg6 6. h4 h6 7. Nf3 Nd7 8. h5 Bh7 9. Bd3 Bxd3 10. Qxd3 e6 11. Bd2 Ngf6 12. O-O-O Bd6 13. Ne4 Nxe4 14. Qxe4 Nf6 15. Qe2 Bc7 16. Kb1 Qd5 17. c4 Qf5+ 18. Ka1 b5 19. d5 cxd5 20. cxd5 O-O 21. dxe6 fxe6 22. Nd4 Qe4 23. Qxe4 Nxe4 24. Nxe6 Nxf2 25. Nxc7 Rac8 26. Nd5 Rcd8 27. Ne7+ Kf7 28. Rhf1 Kxe7 29. Bb4+ Ke6 30. Rde1+ Kd5 31. Bxf8 1-0


[Site "https://www.chess.com"]